AoeStats
← nbakmbi

Arabia

506853370Analyzed
1v1 RM · 18d ago on Sep 15, 2026· 38m 56s· 2 players
Game mode
Random Map
Map size
Tiny (2 player)
Population
200
Speed
Normal
Resources
Standard
Victory
Conquest
Starting age
Dark Age
Ending age
Imperial Age
RankedLock teamsTeams togetherTeam positionsShared explorationLock speedFull tech treeHidden civsTurbo modeCheats
Victory
Defeat
🇸🇬 Magyars · Singapore
1075
+15
🇨🇳 Koreans · China
1051
-15
nbakmbi
11:22 Feudal Age
9:41 Loom
15:56 Horse Collar
16:46 Double-Bit Axe
23:43 Castle Age
21:43 Gold Mining
27:18 Pikeman
29:05 Squires
29:28 Bow Saw
29:57 Scale Mail Armor
30:27 Fletching
31:10 Bodkin Arrow
35:13 Forging
37:32 Chain Mail Armor
Jungle The Quest
7:22 Loom
9:51 Feudal Age
12:57 Town Watch
14:42 Horse Collar
21:35 Castle Age
19:31 Gold Mining
19:30 Double-Bit Axe
23:42 Scale Barding Armor
27:41 Chain Barding Armor
27:21 Arson
27:53 Bloodlines
30:00 Wheelbarrow
29:37 Light Cavalry
34:27 Hand Cart
34:33 Fletching
34:44 Padded Archer Armor
36:43 Bodkin Arrow
38:21 Leather Archer Armor
Connection lost

Rejoining the realm…

Still unreachable

The connection could not be restored.

Session expired

The server has moved on; the page needs a fresh start.